 Dungeon Crawl Stone Soup version 0.20-a0-1127-g1289703 (webtiles) character file.

209 Nvm9 the Covered (level 5, -2/42 HPs)
             Began as a Demonspawn Fighter on May 18, 2017.
             Killed from afar by an orc wizard (4 damage)
             ... with a puff of flame
             ... on level 3 of the Dungeon.
             The game lasted 00:03:17 (2410 turns).

Nvm9 the Covered (Demonspawn Fighter)               Turns: 2410, Time: 00:03:17

Health: -2/42      AC: 11    Str: 18    XL:     5   Next: 55%
Magic:  5/5        EV:  7    Int:  9    God:
Gold:   145        SH:  0    Dex: 12    Spells: 4/4 levels left

rFire    . . .     SeeInvis .   a - +0 war axe
rCold    . . .     Gourm    .   c - +0 shield
rNeg     . . .     Faith    .   b - +0 scale mail
rPois    .         Spirit   .   u - +0 helmet
rElec    .         Reflect  .   (no cloak)
rCorr    .         Harm     .   (no gloves)
MR       .....                  p - +0 pair of boots
Stlth    ..........             e - amulet of rage
Regen    0.2/turn               (no ring)
MPRegen  0.1/turn               (no ring)

@: confused
A: yellow scales 1
a: Evoke Berserk Rage


You were on level 3 of the Dungeon.
You were hungry.

You visited 1 branch of the dungeon, and saw 3 of its levels.

You collected 145 gold pieces.

Inventory:

Hand Weapons
 a - a +0 war axe (weapon)
Missiles
 o - 6 javelins (quivered)
Armour
 b - a +0 scale mail (worn)
 c - a +0 shield (worn)
 p - a +0 pair of boots (worn)
 u - a +0 helmet (worn)
Jewellery
 e - an amulet of rage (around neck)
Wands
 w - a wand of acid (8/15)
Scrolls
 i - a scroll of remove curse {unknown}
 k - a scroll of enchant armour {unknown}
 l - 4 scrolls of identify {unknown}
 n - 2 scrolls of teleportation {unknown}
 r - a scroll of magic mapping {unknown}
 s - a scroll of fog {unknown}
 v - a scroll of recharging {unknown}
 y - a scroll of amnesia {unknown}
Potions
 d - a potion of might
 h - a potion of ambrosia {unknown}
 t - a potion of brilliance {unknown}
 z - a potion of haste {unknown}
Books
 q - a book of Misfortune

   Spells                             Type                      Level
   a - Confusing Touch                Hexes                        1
   b - Confuse                        Hexes                        3
   c - Gell's Gravitas                Translocation                3
   d - Petrify                        Transmutation/Earth          4
   e - Metabolic Englaciation         Hexes/Ice                    5
   f - Yara's Violent Unravelling     Hexes/Transmutation          5
Comestibles
 f - 3 bread rations
 j - a fruit
 m - a meat ration


   Skills:
 + Level 3.7 Fighting
 + Level 3.0 Axes
 * Level 4.0 Armour
 + Level 3.6 Shields


You had 4 spell levels left.
You didn't know any spells.

Dungeon Overview and Level Annotations

Branches:
Dungeon (3/15)

Altars:
Cheibriados
Dithmenos
Gozag
Okawaru
Zin


Innate Abilities, Weirdness & Mutations

You are partially covered in yellow scales. (AC +2)


Message History

The orc wizard barely misses you.
You bump into the rock wall.
The orc wizard closely misses you.
The orc wizard points at you and mumbles some strange words.
You are more confused.
The orc wizard gestures at you while chanting.
You are more confused.
You bump into the rock wall.
The orc wizard gestures at you while chanting.
The puff of flame hits you!
* * * LOW HITPOINT WARNING * * *
All of the chunks of flesh in your inventory have rotted away.
The orc wizard casts a spell at you.
You are more confused.
Evoke which item? (* to show all) (? for menu, Esc to quit)
You're too confused!
Unknown command.
You bump into the rock wall.
The orc wizard points at you and mumbles some strange words.
The puff of flame hits you!
You die...

###############
#.............#
#.###########.#
#.# #.#
########@#
#.####
...!...(.#
#.....
........(#
######
######.#.##
##### #..o.#
#.... #.#..#
#.### ...#.)#
.....#)...
##....#......


You could see an orc wizard.

Vanquished Creatures
  2 orc priests
  7 adders
  2 oozes
  A worm (D:2)
  A dart slug (D:2)
  5 orcs
  7 bats
  4 giant cockroaches
  6 goblins
  8 hobgoblins
  5 jackals
  2 quokkas (D:2)
  4 frilled lizards
  5 kobolds
  15 rats
74 creatures vanquished.

Notes
Turn   | Place    | Note
-------+----------+-------------------------------------------
     0 | D:1      | Nvm9 the Demonspawn Fighter began the quest for the Orb.
     0 | D:1      | Reached XP level 1. HP: 18/18 MP: 1/1
   159 | D:1      | Gained mutation: You are partially covered in yellow scales. (AC +2) [demonic ancestry]
   159 | D:1      | Reached XP level 2. HP: 24/24 MP: 2/2
   180 | D:1      | Reached skill level 3 in Armour
   429 | D:1      | Reached XP level 3. HP: 28/29 MP: 3/3
   911 | D:2      | Reached XP level 4. HP: 35/35 MP: 4/4
   919 | D:2      | Found an iron altar of Okawaru.
  1449 | D:2      | Found a shadowy altar of Dithmenos.
  1489 | D:2      | Found a snail-covered altar of Cheibriados.
  1624 | D:2      | Found an opulent altar of Gozag.
  1624 | D:2      | Found a glowing silver altar of Zin.
  1759 | D:2      | Reached XP level 5. HP: 14/41 MP: 5/5
  1969 | D:3      | Reached skill level 4 in Armour
  2408 | D:3      | HP: 2/42 [orc wizard/puff of flame (6)]
  2410 | D:3      | Killed from afar by an orc wizard

Vault maps used:
D:1:      minmay_arrival_arboretum_small, st_stairs_7, minmay_rat_gold_closets
D:2:      grunt_temple_overflow_gold_and_silver, overflow_temple_1_default,
          marbit_many_paths, lemuel_crystal_altar
D:3:      kiku_gazebo_garden_becter

Skill      XL: |  1  2  3  4  5 |
---------------+----------------+-----
Axes           | 2 3 |  3.0
Armour         | 3 4 |  4.0
Shields        | 3 |  3.6
Fighting       | |  3.7

Action                   |  1- 3 |  4- 6 || total
-------------------------+-------+-------++-------
Melee: War axe           |   151 |   123 ||   274
Throw: Javelin           |       |     1 ||     1
Evoke: Wand              |       |     1 ||     1
  Use: Potion            |       |     3 ||     3
  Eat: Chunk             |       |     5 ||     5
Armor: Scale mail        |   100 |    77 ||   177
Dodge: Dodged            |    63 |    47 ||   110
Block: Shield            |    84 |    67 ||   151
